 Dungeon Crawl Stone Soup version 0.24-a0-639-gb70a11d811 (webtiles) character file.

Game seed: 14759506047036713079, levelgen mode: deterministic

202403 Johnny the Eclecticist (level 17, -1/211 HPs)
             Began as a Demigod Earth Elementalist on Sept 21, 2019.
             Succumbed to a merfolk impaler's poison
             ... on level 1 of the Shoals.
             The game lasted 01:20:28 (37172 turns).

Johnny the Eclecticist (DgEE)                      Turns: 37172, Time: 01:20:29

Health: -1/211     AC: 31    Str: 11    XL:     17   Next: 33%
Magic:  6/51       EV:  2    Int: 35    God:
Gold:   1204       SH:  8    Dex: 19    Spells: 24/48 levels left

rFire    . . .     SeeInvis .   F - +6 short sword "Kigyzokh" {pierce, rElec MP+9 Int+4}
rCold    . . .     Gourm    .   a - +2 buckler {AC+3}
rNeg     + + +     Faith    .   (armour currently unavailable)
rPois    +         Spirit   .   (helmet currently unavailable)
rElec    +         Reflect  .   (cloak currently unavailable)
rCorr    .         Harm     .   (gloves currently unavailable)
MR       +....     NoTele   +   (boots currently unavailable)
Stlth    +++.......             x - amulet of regeneration
HPRegen  0.85/turn              Q - ring of Xom's Anger {+Inv +Fly}
MPRegen  0.32/turn              w - +2 ring of intelligence

@: agile, lethally poisoned (-1 -> -26), tree-form
A: clumsy 1, high mp 1
}: 1/15 runes: serpentine
a: Evoke Invisibility


You were on level 1 of the Shoals.
You were hungry.
You were a tree.
You visited 5 branches of the dungeon, and saw 28 of its levels.
You also visited: Ossuary.

You collected 2916 gold pieces.
You spent 1712 gold pieces at shops.

Inventory:

Hand Weapons
 F - the +6 short sword "Kigyzokh" (weapon) {pierce, rElec MP+9 Int+4}
   (You found it on level 14 of the Dungeon)

   It inflicts extra damage upon your enemies.
   It affects your intelligence (+4).
   It insulates you from electricity.
   It affects your magic capacity (+9).
Missiles
 m - 112 stones (quivered)
Armour
 a - a +2 buckler of protection (worn)
 b - a +2 pair of gloves of archery (melded)
 h - a +3 troll leather armour (melded)
 j - a +0 pair of boots (melded)
 n - a +1 cloak of invisibility (melded)
 v - a +1 robe of resistance
 H - +0 acid dragon scales
 J - a +0 scale mail of poison resistance
 N - the +6 chain mail "Wuabi" {rElec Regen+}
   (You found it on level 14 of the Dungeon)

   It insulates you from electricity.
   It increases your rate of regeneration.
 X - the +3 hat of Pondering (melded) {ponderous, MR+ MP+10 Int+5}
   (You acquired it on level 2 of the Orcish Mines)

   It affects your intelligence (+5).
   It affects your resistance to hostile enchantments.
   It affects your magic capacity (+10).
Jewellery
 c - an uncursed ring of resist corrosion
 w - a +2 ring of intelligence (right branch)
 x - an amulet of regeneration (around neck)
 B - an uncursed ring of protection from cold
 P - an uncursed ring of positive energy
 Q - the ring of Xom's Anger (left branch) {+Inv +Fly}
   (You found it on level 1 of the Lair of Beasts)

   [ring of flight]

   It lets you turn invisible.
   It lets you fly.
 R - an uncursed ring of protection from cold
 U - an uncursed ring of protection from magic
Wands
 u - a wand of polymorph (17)
 E - a wand of flame (1)
 L - a wand of paralysis (8)
 Y - a wand of enslavement (2)
Scrolls
 g - a scroll of summoning {unknown}
 i - 5 scrolls of immolation
 l - 2 scrolls of teleportation
 p - 3 scrolls of fog
 q - 4 scrolls of enchant weapon
 s - 5 scrolls of magic mapping
 t - 13 scrolls of remove curse
 y - 3 scrolls of identify
 z - a scroll of enchant armour
 A - 5 scrolls of amnesia
 C - 2 scrolls of noise
 D - 2 scrolls of vulnerability
 I - a scroll of brand weapon
Potions
 e - a potion of invisibility {unknown}
 k - 5 potions of flight
 r - 4 potions of mutation
 K - a potion of lignification
 M - a potion of berserk rage
Miscellaneous
 o - a lamp of fire
Comestibles
 d - 49 rations


   Skills:
 - Level 10.4 Fighting
 - Level 6.2 Armour
 - Level 1.7 Dodging
 - Level 1.7 Stealth
 - Level 4.0 Shields
 - Level 16.2 Spellcasting
 - Level 0.8 Transmutations
 * Level 14.4 Air Magic
 - Level 15.0 Earth Magic


You had 24 spell levels left.
You knew the following spells:

 Your Spells              Type           Power        Failure   Level  Hunger
a - Sandblast             Erth           ######       0%          1    None
b - Stone Arrow           Conj/Erth      ######       1%          3    None
c - Lee's Rapid Deconstr  Erth           #######...   1%          5    None
d - Petrify               Tmut/Erth      ######..     1%          4    None
e - Conjure Ball Lightni  Conj/Air       ######....   11%         6    None
f - Shroud of Golubria    Chrm/Tloc      ####..       1%          2    None
g - Regeneration          Chrm/Necr      ####......   4%          3    None

Your spell library contained the following spells:

 Spells                   Type           Power        Failure   Level  Hunger
 Animate Skeleton         Necr           N/A          1%          1    None
 Apportation              Tloc           ####..       1%          1    None
 Confusing Touch          Hex            ####..       1%          1    None
 Infusion                 Chrm           ####         1%          1    None
 Magic Dart               Conj           ####         1%          1    None
 Summon Butterflies       Summ           ####....     1%          1    None
 Summon Small Mammal      Summ           ####         1%          1    None
 Passwall                 Tmut/Erth      ######..     1%          2    None
 Searing Ray              Conj           ####..       1%          2    None
 Song of Slaying          Chrm           ####....     1%          2    None
 Summon Lightning Spire   Summ/Air       ######..     1%          4    None
 Silence                  Hex/Air        ######....   1%          5    None
 Call Canine Familiar     Summ           ####....     4%          3    None
 Confuse                  Hex            ####....     4%          3    None
 Dazzling Spray           Conj/Hex       ####..       4%          3    None
 Gell's Gravitas          Tloc           ####......   4%          3    None
 Spectral Weapon          Hex/Chrm       ####....     4%          3    None
 Deflect Missiles         Chrm/Air       ######....   11%         6    None
 Force Lance              Conj/Tloc      ####....     13%         4    None
 Fulminant Prism          Conj/Hex       ####......   13%         4    None
 Iskenderun's Mystic Bla  Conj           ####....     13%         4    None
 Summon Ice Beast         Ice/Summ       ####....     13%         4    None
 Yara's Violent Unravell  Hex/Tmut       ####......   30%         5    None
 Metabolic Englaciation   Hex/Ice        ####......   36%         5    None
 Summon Mana Viper        Hex/Summ       ####....     36%         5    None
 Tornado                  Air            #######...   98%         9    #######
 Summon Hydra             Summ           ####......   100%        7    ####...


Dungeon Overview and Level Annotations

Branches:
Dungeon (15/15)            Temple (0/1) D:7            Lair (6/6) D:10
 Shoals (1/4) Lair:3        Snake (4/4) Lair:2        Slime (0/5) Lair:6
    Orc (2/2) D:10            Elf (0/3) Orc:2        Vaults (0/5) D:14
 Depths (0/5) D:15        Ossuary (visited)

Shops:
D:8 %   D:10 [   Orc:2 ([}*   Snake:1 (

Portals:
Hell: Lair:6
Trove: D:14 (show abyssal rune of Zot)

Annotations:
D:15 1 runed translucent door


Innate Abilities, Weirdness & Mutations

You have an increased reservoir of magic. (+10% MP)
You are clumsy. (Dex -2)


Message History

Unknown command.
Unknown command.
Unknown command.
Okay, then.
Evoke which item? (* to show all) (? for menu, Esc to quit)
Aiming: Enslavement
Press: ? - help, Shift-Dir - straight line, f - wind drake, p - manticore
Aim: a wind drake (deflecting missiles, chance to defeat MR: 28%)
The wind drake easily resists.
* * * LOW HITPOINT WARNING * * *
You feel very sick.
The merfolk impaler hits you from afar with a +1 trident of venom.
* * * LOW HITPOINT WARNING * * *
The wind drake flaps its wings at you. The air twists around and strikes you!
* * * LOW HITPOINT WARNING * * *
You block the merfolk impaler's attack.
It was a potion of agility.
You feel agile all of a sudden.
You die...

≈≈≈≈≈≈≈≈≈.####......≈≈≈≈.
≈≈≈≈≈≈≈≈≈..###.....≈≈≈≈≈.
≈≈≈≈≈..≈......≈..##.≈≈≈≈≈
≈≈......≈....≈≈..##.≈≈≈≈≈
≈≈≈................≈≈≈≈≈≈
≈≈.......!##....).≈≈≈≈≈≈
≈≈....#..###..≈..≈≈≈≈≈≈
≈≈....#†.###..≈≈≈≈≈≈≈≈≈
≈≈....†..♣(H.k≈≈≈≈≈≈≈≈≈
≈≈≈..........†≈≈≈≈≈≈≈≈≈
≈≈≈....≈..m).≈≈≈...≈≈.≈
≈≈≈.%......≈≈...###..≈
≈≈....##......### .≈
...>.. .......#
#..........}... #.
...........


You could see a merfolk impaler, a wind drake and a friendly manticore.

Vanquished Creatures
  Saint Roka (Snake:1)
  10 nagarajas
  An orc warlord (Orc:2)
  2 entropy weavers (Lair:6)
  Nessos (Lair:4)
  A spark wasp (D:14)
  13 hydras
  18 naga warriors
  A rakshasa (D:13)
  4 vault guards (D:14)
  A merfolk avatar (Shoals:1)
  17 anacondas
  2 catoblepae
  An ogre mage (D:14)
  8 centaur warriors
  7 two-headed ogres
  5 death yaks (Lair:4)
  A queen ant (Lair:6)
  Urug (Lair:4)
  A tengu warrior (D:14)
  11 shock serpents
  6 naga sharpshooters
  5 orc high priests
  Nergalle (Orc:1)
  A fire crab (shapeshifter) (D:15)
  A salamander mystic (Snake:4)
  An unseen horror (D:12)
  A sixfirhy (Lair:6)
  2 sea snakes (Shoals:1)
  A glowing orange brain (D:15)
  4 naga ritualists
  A wizard (Lair:6)
  4 cyclopes
  4 orc knights
  5 orc sorcerers
  9 mana vipers
  A manticore (shapeshifter) (D:15)
  6 ugly things
  4 deep elf magi
  A manticore (Shoals:1)
  10 salamanders
  A faun (Shoals:1)
  8 elephants
  2 merfolk sirens
  10 guardian serpents
  42 black mambas
  An orange demon (Lair:6)
  9 naga magi
  7 spiny frogs
  2 gargoyles (D:14)
  5 yaktaurs (D:15)
  A tengu conjurer (D:14)
  2 kobold demonologists
  2 efreet (D:15)
  4 komodo dragons
  6 rime drakes
  A yaktaur (shapeshifter) (D:15)
  2 ice devils (Lair:6)
  3 red devils (Lair:6)
  2 merfolk
  8 trolls
  3 meliai (D:13)
  2 polar bears
  A wind drake (Shoals:1)
  A hornet (D:9)
  A queen bee (Lair:1)
  11 hippogriffs
  A meliai zombie (D:14)
  2 snapping turtles (Shoals:1)
  12 blink frogs
  6 slime creatures
  12 dream sheep
  A water elemental (Shoals:1)
  2 wraiths
  7 wyverns
  2 shadows
  2 steam dragons
  A human (shapeshifter) (D:15)
  34 yaks
  4 basilisks
  3 hungry ghosts
  A human (D:14)
  Grum (D:11)
  2 vampire mosquitoes (D:13)
  A chaos spawn (Lair:6)
  9 wargs
  56 nagas
  2 acid dragons
  3 two-headed ogre zombies (D:10)
  7 swamp worms (Lair:1)
  15 water moccasins
  4 hell hounds (Lair:6)
  7 soldier ants (Lair:6)
  Duvessa (D:7)
  16 porcupines
  54 orc warriors
  3 ice beasts
  5 sky beasts
  A hornet zombie (D:10)
  An eye of draining (D:14)
  2 black bears
  22 ogres
  23 centaurs
  3 phantoms
  13 wolves
  14 crocodiles
  5 big kobolds
  4 elf zombies (Ossuary)
  17 bullfrogs
  A bullfrog (shapeshifter) (D:15)
  Dowan (D:7)
  6 scorpions
  A water moccasin skeleton (D:9)
  33 killer bees
  9 wights
  An electric eel (D:10)
  5 howler monkeys
  6 crimson imps
  A bullfrog zombie (D:12)
  13 hounds
  A quasit (D:8)
  5 centaur zombies
  A human zombie (Ossuary)
  2 centaur skeletons
  36 orc priests
  5 bullfrog skeletons
  A gnoll shaman (D:4)
  12 jellies
  Crazy Yiuf (D:2)
  6 iguanas
  Natasha (thrice) (D:2)
  20 worker ants
  23 orc wizards
  5 ogre zombies (D:10)
  3 hound zombies
  3 mummies (Ossuary)
  2 worker ant zombies
  12 gnolls
  20 adders
  4 shadow imps
  2 oozes (Lair:6)
  An adder skeleton (D:9)
  3 adder zombies
  2 worms (D:3)
  5 dart slugs
  6 leopard geckos
  127 orcs
  5 ball pythons
  7 bats
  6 giant cockroaches
  A gnoll zombie (Ossuary)
  4 goblins
  11 hobgoblins
  11 jackals
  19 kobolds
  3 quokkas
  7 frilled lizards
  13 goblin zombies
  A hobgoblin skeleton (D:10)
  5 hobgoblin zombies
  A jackal skeleton (D:8)
  3 jackal zombies (Ossuary)
  3 kobold zombies (Ossuary)
  An orc skeleton (D:10)
  15 orc zombies
  5 quokka zombies
  4 rats
  6 rat zombies
  3 plants
1215 creatures vanquished.

Vanquished Creatures (collateral kills)
  A salamander (Snake:4)
  A black mamba (Snake:4)
2 creatures vanquished.

Vanquished Creatures (others)
  A harpy (Shoals:1)
  87 ball lightnings
  A black mamba (Snake:4)
  An orc zombie (D:10)
  24 fungi
  21 plants
135 creatures vanquished.

Grand Total: 1352 creatures vanquished

Notes
Turn   | Place    | Note
-------+----------+-------------------------------------------
     0 | D:1      | Johnny the Demigod Earth Elementalist began the quest for
                  | the Orb.
     0 | D:1      | Reached XP level 1. HP: 14/14 MP: 5/5
    26 | D:1      | Reached skill level 2 in Spellcasting
    39 | D:1      | Reached XP level 2. HP: 22/22 MP: 0/7
   949 | D:2      | Reached XP level 3. HP: 20/27 MP: 2/9
   986 | D:2      | Reached skill level 1 in Fighting
  1002 | D:2      | Noticed Natasha
  1015 | D:2      | Killed Natasha
  1040 | D:2      | Noticed Natasha
  1043 | D:2      | Killed Natasha
  1043 | D:2      | Reached XP level 4. HP: 24/35 MP: 0/11
  1084 | D:2      | Noticed Natasha
  1091 | D:2      | Killed Natasha
  1091 | D:2      | Reached skill level 3 in Spellcasting
  1193 | D:2      | Reached XP level 5. HP: 26/41 MP: 3/12
  1496 | D:2      | Found a faded altar of an unknown god.
  1692 | D:2      | Found a runed translucent door.
  1693 | D:2      | Noticed Crazy Yiuf
  1810 | D:2      | Killed Crazy Yiuf
  2585 | D:4      | HP: 2/41 [leopard gecko (1)]
  2592 | D:5      | Entered Level 5 of the Dungeon
  2592 | D:5      | Found a white marble altar of Elyvilon.
  2831 | D:4      | Found a hazy altar of Hepliaklqana.
  2834 | D:4      | Found an ornate altar of the Wu Jian Council.
  2838 | D:4      | Reached XP level 6. HP: 25/49 MP: 12/14
  3065 | D:4      | Reached skill level 4 in Spellcasting
  3183 | D:4      | Reached skill level 5 in Earth Magic
  3601 | D:4      | Reached XP level 7. HP: 57/57 MP: 12/17
  3921 | D:5      | Found a snail-covered altar of Cheibriados.
  3981 | D:5      | Found a burning altar of Makhleb.
  4045 | D:5      | Reached skill level 5 in Spellcasting
  4761 | D:5      | Reached XP level 8. HP: 66/66 MP: 13/19
  4929 | D:6      | Learned a level 3 spell: Stone Arrow
  5108 | D:6      | Reached skill level 6 in Spellcasting
  5521 | D:6      | Found a bloodstained altar of Trog.
  5521 | D:6      | Found a shattered altar of Ashenzari.
  5522 | D:6      | Found a stormy altar of Qazlal.
  5714 | D:6      | Found a shadowy altar of Dithmenos.
  5764 | D:6      | Found a blossoming altar of Fedhas.
  6126 | D:7      | Noticed Dowan
  6498 | D:7      | Found a staircase to the Ecumenical Temple.
  6517 | D:7      | Found a bloodstained altar of Trog.
  6532 | D:7      | Reached XP level 9. HP: 63/73 MP: 19/23
  6547 | D:7      | Noticed Duvessa
  6553 | D:7      | Killed Duvessa
  6555 | D:7      | Reached skill level 5 in Fighting
  6558 | D:7      | Killed Dowan
  6558 | D:7      | Reached skill level 7 in Spellcasting
  7026 | D:8      | Found a sand-covered staircase.
  7033 | Ossuary  | Entered an ossuary
  7650 | D:8      | Found Uwkauciq's Food Boutique.
  7845 | D:8      | Noticed a deep elf mage
  7857 | D:8      | Killed a deep elf mage
  7857 | D:8      | Reached skill level 8 in Spellcasting
  8188 | D:8      | Reached XP level 10. HP: 47/83 MP: 26/26
  8195 | D:8      | Learned a level 5 spell: Lee's Rapid Deconstruction
  8200 | D:8      | Learned a level 4 spell: Petrify
  8416 | D:8      | Noticed a three-headed hydra
  8423 | D:8      | Killed a three-headed hydra
  8503 | D:8      | Found a glowing golden altar of the Shining One.
  8504 | D:8      | Found a shimmering blue altar of Sif Muna.
  8874 | D:9      | Found a hide-covered altar of Uskayaw.
  8884 | D:9      | Noticed a two-headed ogre
  8890 | D:9      | Paralysed by a hornet for 3 turns
  8893 | D:9      | Reached skill level 9 in Spellcasting
  8893 | D:9      | Reached skill level 10 in Earth Magic
  8894 | D:9      | Killed a two-headed ogre
  9985 | D:10     | Entered Level 10 of the Dungeon
 10338 | D:10     | Reached XP level 11. HP: 65/92 MP: 7/29
 10712 | D:11     | Noticed Grum
 10729 | D:11     | Killed Grum
 10975 | D:11     | Reached skill level 10 in Spellcasting
 11361 | D:10     | Found a staircase to the Lair.
 12160 | D:10     | Found a staircase to the Orcish Mines.
 12612 | D:10     | Found Zethualu's Armour Boutique.
 12620 | D:10     | Bought a +0 scale mail of poison resistance for 128 gold
                  | pieces
 12803 | D:10     | Found an ornate altar of the Wu Jian Council.
 12937 | D:12     | Noticed an unseen horror
 12946 | D:12     | Killed an unseen horror
 13012 | D:12     | Found a flickering gateway to a bazaar.
 13233 | D:12     | Noticed an orc knight
 13259 | D:12     | Killed an orc knight
 13871 | D:13     | Noticed a two-headed ogre
 14294 | D:13     | Noticed a rakshasa
 14302 | D:13     | Killed a rakshasa
 14302 | D:13     | Reached skill level 11 in Spellcasting
 14302 | D:13     | Reached XP level 12. HP: 85/103 MP: 1/31
 14314 | D:14     | Noticed a centaur warrior
 14314 | D:14     | HP: 2/103 [centaur/arrow (17)]
 14320 | D:14     | Noticed a vault guard
 14548 | D:13     | Noticed a centaur warrior
 14552 | D:13     | Killed a centaur warrior
 14555 | D:13     | Noticed a centaur warrior
 14561 | D:13     | Killed a centaur warrior
 14580 | D:13     | Noticed a centaur warrior
 14588 | D:13     | Killed a centaur warrior
 14977 | D:13     | Noticed a centaur warrior
 14981 | D:13     | Killed a centaur warrior
 15267 | D:14     | Noticed a centaur warrior
 15409 | D:14     | Got a translucent short sword
 15410 | D:14     | Identified the +6 short sword "Kigyzokh" {pierce, rElec
                  | MP+9 Int+4} (You found it on level 14 of the Dungeon)
 15436 | D:14     | Noticed a centaur warrior
 15442 | D:14     | Killed a centaur warrior
 15637 | D:14     | Killed a centaur warrior
 15753 | D:14     | Found a portal to a secret trove of treasure.
 15791 | D:14     | Reached skill level 12 in Spellcasting
 15842 | D:14     | Killed a centaur warrior
 15886 | D:14     | Got a pitted chain mail
 15929 | D:14     | Killed a vault guard
 16114 | D:14     | Noticed a vault guard
 16114 | D:14     | Noticed a vault guard
 16119 | D:14     | Reached XP level 13. HP: 111/111 MP: 34/34
 16143 | D:14     | Noticed a spark wasp
 16143 | D:14     | a vault guard changed into a spark wasp
 16157 | D:14     | Killed a spark wasp
 16292 | D:14     | Found a gate to the Vaults.
 16579 | D:15     | Entered Level 15 of the Dungeon
 16932 | D:15     | Found a runed translucent door.
 16933 | D:15     | Found a glowing silver altar of Zin.
 16933 | D:15     | Noticed an angel
 17229 | D:15     | Reached skill level 10 in Fighting
 17626 | D:15     | Found a staircase to the Depths.
 17690 | D:15     | Reached skill level 13 in Spellcasting
 18488 | Lair:1   | Entered Level 1 of the Lair of Beasts
 18739 | Lair:1   | Got a flickering lead ring
 18804 | Lair:1   | Identified the +6 chain mail "Wuabi" {rElec Regen+} (You
                  | found it on level 14 of the Dungeon)
 18822 | Lair:1   | Identified the ring of Xom's Anger {+Inv +Fly} (You found
                  | it on level 1 of the Lair of Beasts)
 18903 | Lair:1   | Reached skill level 1 in Shields
 18955 | Lair:1   | Gained mutation: You are clumsy. (Dex -2) [mutagenic glow]
 19803 | Lair:2   | Reached XP level 14. HP: 115/122 MP: 33/36
 20274 | Lair:2   | Reached skill level 1 in Armour
 20289 | Lair:2   | Found a staircase to the Snake Pit.
 21379 | Lair:3   | Found a staircase to the Shoals.
 21692 | Lair:4   | Noticed Urug
 21699 | Lair:4   | Killed Urug
 21946 | Lair:5   | Reached skill level 15 in Earth Magic
 21954 | Lair:5   | Learned a level 6 spell: Conjure Ball Lightning
 22610 | Lair:5   | Reached skill level 1 in Air Magic
 23012 | Lair:5   | Reached skill level 14 in Spellcasting
 23420 | Lair:4   | Noticed Nessos
 23426 | Lair:4   | Killed Nessos
 23979 | Lair:6   | Entered Level 6 of the Lair of Beasts
 23995 | Lair:6   | Found a staircase to the Slime Pits.
 24410 | Lair:6   | Reached XP level 15. HP: 128/128 MP: 14/38
 25130 | Lair:6   | Reached skill level 5 in Air Magic
 25591 | Lair:6   | Reached skill level 5 in Armour
 25973 | Lair:6   | Found a burning altar of Makhleb.
 26039 | Lair:6   | Found a gateway to Hell.
 26047 | Lair:6   | Got a faintly glowing falchion
 26047 | Lair:6   | Got a bronze ring mail
 26586 | Orc:1    | Entered Level 1 of the Orcish Mines
 26597 | Orc:1    | Noticed Nergalle
 26607 | Orc:1    | Killed Nergalle
 26849 | Orc:2    | Entered Level 2 of the Orcish Mines
 27425 | Orc:1    | Found a roughly hewn altar of Beogh.
 28056 | Orc:2    | Found a roughly hewn altar of Beogh.
 28244 | Orc:2    | Found Vysmoruc's General Store.
 28407 | Orc:2    | Bought a potion of magic for 128 gold pieces
 28407 | Orc:2    | Bought a scroll of identify for 32 gold pieces
 28407 | Orc:2    | Bought a scroll of identify for 32 gold pieces
 28407 | Orc:2    | Identified the +12 falchion of the Thirteen Queens {elec,
                  | rPois MP-9 Str+4 SInv} (You found it on level 6 of the Lair
                  | of Beasts)
 28408 | Orc:2    | Identified the +0 ring mail of Hysteria {rC+} (You found it
                  | on level 6 of the Lair of Beasts)
 28420 | Orc:2    | Found Joleluri's Gadget Shop.
 28675 | Orc:2    | Found a staircase to the Elven Halls.
 29004 | Orc:2    | Reached skill level 15 in Spellcasting
 29102 | Orc:2    | Found a roughly hewn altar of Beogh.
 29320 | Orc:2    | Found Lag Emac's Armour Shop.
 29397 | Orc:2    | Found Oroapaam's Weapon Emporium.
 29629 | Orc:2    | Bought an uncursed amulet of regeneration for 480 gold
                  | pieces
 29629 | Orc:2    | Bought a scroll of acquirement for 832 gold pieces
 29629 | Orc:2    | Bought a ration for 80 gold pieces
 29631 | Orc:2    | Found the +3 hat of Pondering {ponderous, MR+ MP+10 Int+5}
 29803 | Snake:1  | Entered Level 1 of the Snake Pit
 29942 | Snake:1  | Found Tuzein's Antique Weapon Shop.
 30913 | Snake:2  | Noticed Saint Roka
 31037 | Snake:1  | Killed Saint Roka
 31787 | Snake:2  | Noticed a nagaraja
 31794 | Snake:2  | Killed a nagaraja
 32346 | Snake:2  | Reached XP level 16. HP: 131/135 MP: 41/41
 33404 | Snake:3  | Reached skill level 10 in Air Magic
 33554 | Snake:3  | Reached skill level 16 in Spellcasting
 33709 | Snake:4  | Entered Level 4 of the Snake Pit
 34303 | Snake:4  | Found a runed translucent gate.
 34303 | Snake:4  | Found a runed translucent gate.
 34303 | Snake:4  | Found a runed translucent gate.
 35311 | Snake:4  | Learned a level 2 spell: Shroud of Golubria
 35315 | Snake:4  | Learned a level 3 spell: Regeneration
 35385 | Snake:4  | HP: 6/135 [anaconda (12)]
 35428 | Snake:4  | Reached XP level 17. HP: 57/141 MP: 8/42
 36516 | Snake:4  | Got a serpentine rune of Zot
 37024 | Shoals:1 | Entered Level 1 of the Shoals
 37171 | Shoals:1 | HP: 9/211 [merfolk impaler/+1 trident of venom (2)]
 37171 | Shoals:1 | HP: 2/211 [wind drake/the air (7)]
 37172 | Shoals:1 | Succumbed to a merfolk impaler's poison

Levels and vault maps discovered:
D:1:      enne_arrival_octagon_isle, layout_basic, minmay_small_reverse_x
D:2:      layout_loops_ring, chequers_ecumenical_altar_simple_redux,
          first_ration, serial_park_tiny_1, uniq_crazy_yiuf_cottage,
          uniq_natasha
D:3:      layout_loops_cross, chequers_serial_rivers_small_b
D:4:      layout_loops_ring, grunt_temple_overflow_open, minivault_25,
          grunt_tough_drop
D:5:      layout_gridville, elyvilon_altar_5, makhleb_heckhound_becter,
          kennysheep_slug_shrine
D:6:      layout_gridville, grunt_dithmenos_smoke_and_mirrors,
          nicolae_overflow_quartered_altars
D:7:      cheibrodos_iron_armory, layout_cave_pools,
          minmay_temple_entry_statues, trog_three_pillars_becter, uniq_duvessa
D:8:      layout_cave_pools, chequers_temple_overflow_statue_of_worship,
          enter_ossuary_4, serial_shops, shop, hangedman_ranch
          [blue_anna_fruit_fields], minmay_the_grid_2x2
          [minmay_the_grid_square_x, minmay_the_grid_expand,
          minmay_the_grid_outer_diamond, minmay_the_grid_prize_big_room]
D:9:      layout_basic, lemuel_crystal_altar
D:10:     layout_basic, minmay_lair_entry_grove, zombieorc2_lemuel,
          serial_shops, shop, basic_altar
D:11:     layout_basic, uniq_grum
D:12:     layout_long_grid, serial_shops, bzr_in_the_mist
D:13:     kennysheep_bubbly, layout_basic
D:14:     layout_roguey, grunt_vaults_entry_fortified, enter_trove_2,
          kennysheep_path_1, kennysheep_decorative_pillar
D:15:     gammafunk_enter_depths_forms, layout_long_grid, minmay_misc_feat_rows,
          lemuel_angel_altar
Lair:1:   layout_layer_cave, special_room [special_room_bee], worms_lemuel,
          lemuel_fruit_fields, grunt_megastairs_3
Lair:2:   layout_gridlike, minmay_snake_entry_guardpost_large
Lair:3:   layout_gridlike, elwin_shoals_entry_rooms, grunt_megastairs_5,
          lemuel_fruit_fields
Lair:4:   layout_misc_corridors, uniq_urug, uniq_nessos
Lair:5:   layout_gridlike, hangedman_lair_generics_rect, grunt_megastairs_4
Lair:6:   evil_forest, layout_small_grid, nicolae_slime_entry_slimehenge,
          minmay_another_anthill
Shoals:1: layout_shoals, nicolae_shoals_square_sea_wall,
          nicolae_shoals_circle_sea_wall
Snake:1:  layout_chambers, serial_shops, shop
Snake:2:  layout_chambers, uniq_saint_roka
Snake:3:  layout_gridlike, serial_bayou_shore_b
Snake:4:  johnstein_snake_rune_scales, layout_cave_town, grunt_ministairs_9,
          chequers_hall_statues_corner_a, nicolae_snake_horde_hoard
Orc:1:    layout_diamond_mine, serial_shops, shop, basic_altar, uniq_nergalle
Orc:2:    pubby_orc_utopia, serial_shops

Skill      XL: |  1  2  3  4  5  6  7  8  9 10 11 12 13 14 15 16 17 |
---------------+----------------------------------------------------+-----
Spellcasting   | 2 3 4 5 6 8 9 11 12 13 14 15 16 | 16.2
Earth Magic    | 3 4 5 6 7 9 10 12 13 14 15 | 15.0
Fighting       | 1 2 3 4 6 7 8 9 10 | 10.4
Shields        | 4 |  4.0
Armour         | 4 6 |  6.2
Air Magic      | 4 9 13 14 | 14.4
Dodging        | |  1.7
Stealth        | |  1.7
Transmutations | |  0.8

Action                   |  1- 3 |  4- 6 |  7- 9 | 10-12 | 13-15 | 16-18 || total
-------------------------+-------+-------+-------+-------+-------+-------++-------
Melee: Unarmed           |    71 |    23 |       |       |       |       ||    94
       Quarterstaff      |       |    73 |   323 |   253 |       |       ||   649
       Short sword       |       |       |       |    13 |   447 |    26 ||   486
Throw: Stone             |     2 |       |       |       |     1 |     1 ||     4
 Cast: Sandblast         |    36 |    53 |   101 |   295 |   230 |    82 ||   797
       Lee's Rapid Decon |       |       |       |    74 |   300 |   161 ||   535
       Stone Arrow       |       |       |       |    29 |   351 |    90 ||   470
       Petrify           |       |       |       |     5 |    19 |     1 ||    25
       Conjure Ball Ligh |       |       |       |       |       |    41 ||    41
 Abil: Evoke Invisibilit |       |       |       |       |     1 |       ||     1
Evoke: Wand              |       |       |    14 |    12 |    35 |    36 ||    97
       Lamp of fire      |       |       |       |       |     1 |     3 ||     4
  Use: Potion            |     3 |     1 |     1 |     3 |     6 |     6 ||    20
       Scroll            |       |     6 |    13 |    15 |    18 |    13 ||    65
 Stab: Sleeping          |     2 |     7 |     8 |     2 |     2 |       ||    21
       Paralysed         |       |     1 |    10 |    15 |     3 |       ||    29
       Confused          |       |       |     2 |     1 |     2 |       ||     5
       Distracted        |       |       |       |     1 |     1 |     1 ||     3
       Petrified         |       |       |       |     2 |       |       ||     2
  Eat: Chunk             |     1 |     4 |    15 |    19 |    37 |     5 ||    81
       Ration            |       |     1 |       |     4 |     4 |     3 ||    12
Armor: Robe              |    15 |    28 |   138 |    88 |       |       ||   269
       Scale mail        |       |       |       |    32 |       |       ||    32
       Steam dragon scal |       |       |       |    15 |       |       ||    15
       Troll leather arm |       |       |       |    59 |   134 |   130 ||   323
       Chain mail        |       |       |       |       |   457 |       ||   457
       Skin              |       |       |       |       |       |     1 ||     1
Dodge: Dodged            |    53 |    96 |   238 |   282 |   299 |   101 ||  1069
Block: Buckler           |       |       |       |       |   470 |    82 ||   552
       Reflection        |       |       |       |       |    10 |       ||    10

Table legend:
 A = Non-vault XP
 B = Vault XP
 C = Vault XP percentage of total XP
 D = Non-vault monster count
 E = Vault monster count
 F = Vault count percentage of total count
                 A         B        C        D         E       F
            +---------+---------+-------+---------+---------+-------
      Total |  153035 |  132973 |  46.5 |     673 |     541 |  44.6
            +---------+---------+-------+---------+---------+-------
        D:1 |      29 |       9 |  23.7 |      15 |       4 |  21.1
        D:2 |     186 |      72 |  27.9 |      27 |       2 |   6.9
        D:3 |     105 |       0 |   0.0 |      24 |       0 |   0.0
        D:4 |     433 |     130 |  23.1 |      18 |       4 |  18.2
        D:5 |     713 |      46 |   6.1 |      26 |       2 |   7.1
        D:6 |     925 |       0 |   0.0 |      22 |       0 |   0.0
        D:7 |    1303 |     220 |  14.4 |      26 |       2 |   7.1
        D:8 |     595 |    3707 |  86.2 |      19 |      23 |  54.8
        D:9 |    3030 |       0 |   0.0 |      37 |       0 |   0.0
       D:10 |    1773 |    3293 |  65.0 |      23 |      49 |  68.1
       D:11 |    2350 |     414 |  15.0 |      40 |       3 |   7.0
       D:12 |    3243 |       0 |   0.0 |      24 |       0 |   0.0
       D:13 |   10201 |    2959 |  22.5 |      34 |      10 |  22.7
       D:14 |    8422 |    7211 |  46.1 |      31 |      10 |  24.4
       D:15 |   13639 |    3964 |  22.5 |      37 |       9 |  19.6
     Lair:1 |    3577 |    3433 |  49.0 |      23 |      34 |  59.6
     Lair:2 |    3812 |     978 |  20.4 |      13 |       6 |  31.6
     Lair:3 |    9686 |    1114 |  10.3 |      28 |       4 |  12.5
     Lair:4 |   12216 |    2203 |  15.3 |      36 |       2 |   5.3
     Lair:5 |    5077 |    5694 |  52.9 |      15 |      15 |  50.0
     Lair:6 |    3870 |   15345 |  79.9 |      14 |      59 |  80.8
   Shoals:1 |    5329 |       0 |   0.0 |      11 |       0 |   0.0
    Snake:1 |    3560 |    5230 |  59.5 |       7 |       1 |  12.5
    Snake:2 |   12217 |    1747 |  12.5 |      21 |      13 |  38.2
    Snake:3 |   25249 |       0 |   0.0 |      42 |       0 |   0.0
    Snake:4 |   19776 |   53040 |  72.8 |      41 |      93 |  69.4
      Orc:1 |    1719 |     804 |  31.9 |      19 |       1 |   5.0
      Orc:2 |       0 |   20768 | 100.0 |       0 |     156 | 100.0
    Ossuary |       0 |     592 | 100.0 |       0 |      39 | 100.0
            +---------+---------+-------+---------+---------+-------
